 Dungeon Sprint DCSS version 0.22.1-2-g9c5b331 (webtiles) character file.

53 diana the Ruffian (level 3, 0/37 HPs)
             Began as a Troll Hunter on Dec 23, 2018.
             Slain by a water elemental (17 damage)
             ... in the Dungeon (Sprint III: "The Ten Rune Challenge").
             The game lasted 00:01:40 (126 turns).

diana the Ruffian (Troll Hunter)                     Turns: 126, Time: 00:01:41

Health: 0/37       AC:  6    Str: 21    XL:     3   Next: 62%
Magic:  2/2        EV: 10    Int:  7    God:
Gold:   19         SH:  0    Dex: 12    Spells: 2/2 levels left

rFire    . . .     SeeInvis .     - Unarmed
rCold    . . .     Gourm    +   (no shield)
rNeg     . . .     Faith    .   b - +0 robe
rPois    .         Spirit   .   (helmet restricted)
rElec    .         Reflect  .   l - +0 cloak
rCorr    .         Harm     .   (gloves unavailable)
MR       .....     NoTele   +   (boots unavailable)
Stlth    +.........             (no amulet)
HPRegen  0.92/turn              (no ring)
MPRegen  0.08/turn              (no ring)

@: no status effects
A: large, unfitting armour, claws 3, agile 1, fast metabolism 3, gourmand,
regeneration 2, shaggy fur 1, tough skin 2
a: no special abilities


You were in the Dungeon.
You were not hungry.

You visited 1 branch You collected 19 gold pieces.

Inventory:

Missiles
 c - 5 large rocks (quivered)
 d - 2 throwing nets
Armour
 b - a +0 robe (worn)
 l - a +0 cloak (worn)
Wands
 a - a wand of flame (4)
Scrolls
 k - a scroll of blinking
 n - a scroll of torment {unknown}
 o - 3 scrolls of remove curse
 p - a scroll of magic mapping {unknown}
 r - a scroll of immolation {unknown}
 s - 2 scrolls of identify
Potions
 e - a potion of curing
 g - a potion of heal wounds
 h - a potion of haste
 i - 2 potions of magic
 j - a potion of degeneration {unknown}
 q - 4 potions of flight
Comestibles
 f - 4 rations


   Skills:
 + Level 3.3 Fighting
 + Level 4.9 Throwing
 - Level 1.5 Dodging
 - Level 0.3 Stealth
 * Level 4.9 Unarmed Combat


You had 2 spell levels left.
You didn't know any spells.
Your spell library was empty.

Dungeon Overview and Level Annotations

Branches:
Dungeon (1/1)

Altars:


Innate Abilities, Weirdness & Mutations

You are too large for most types of armour.
You have claws for hands.
Your metabolism is lightning-fast.
You like to eat raw meat.
You heal very quickly.
You are covered in fur. (AC +1)
You have very tough skin. (AC +2)
You are agile. (Dex +2)


Message History

a quarterstaff of chaos; the gnoll corpse of Crazy Yiuf You open the door.
A water elemental comes into view.
There is an open door to the Ecumenical Temple here.
You scratch the water elemental but do no damage.
The water elemental closely misses you.
You barely miss the water elemental. The water elemental barely misses you.
You barely miss the water elemental. The water elemental hits you!
You closely miss the water elemental. The water elemental hits you!
* * * LOW HITPOINT WARNING * * *
The water elemental engulfs you in water!
You slip free of the water engulfing you.
You gasp with relief as air once again reaches your lungs.
You claw the water elemental!
The water elemental is heavily damaged.
The water elemental barely misses you.
You closely miss the water elemental.
The water elemental is heavily damaged.
The water elemental hits you!
You die...

▓...#......#####..#_
▓..##.......#..#..#
▓##.##.##...#..#..###+#+##
##.##.###..##'#..#.......
▓#.####.##..###...'.⌠.....
▓.###..##..####...#...####
▓#.....##..###....#.⌠.#
###..##...##†....#...#
*#..##...@#..)...#+###
#..###..##E#.....#, #(.#
#..#####....# ▓▓▓▓ ▓▓▓▓
▓▓▓▓▓▓ * , * * , ,* ≈ * **
,*


You could see a water elemental.

Vanquished Creatures
  Crazy Yiuf (D)
  A human (D)
  An ooze (D)
  3 rats (D)
6 creatures vanquished.

Vanquished Creatures (others)
  3 hellions (D)
  A yaktaur (D)
  2 plants (D)
6 creatures vanquished.

Grand Total: 12 creatures vanquished

Notes
Turn   | Place    | Note
-------+----------+-------------------------------------------
     0 | D        | diana the Troll Hunter began the quest for the Orb.
     0 | D        | Reached XP level 1. HP: 19/19 MP: 0/0
    19 | D        | Killed a yaktaur
    53 | D        | Noticed Crazy Yiuf
    56 | D        | Killed Crazy Yiuf
    56 | D        | Reached XP level 2. HP: 28/31 MP: 1/1
    56 | D        | Reached XP level 3. HP: 33/37 MP: 2/2
    97 | D        | Gained mutation: You are clumsy. (Dex -2) [potion of
                  | mutation]
    97 | D        | Gained mutation: You expend magic power (3 MP) to
                  | strengthen your wands. [potion of mutation]
    97 | D        | Gained mutation: You are robust. (+10% HP) [potion of
                  | mutation]
    97 | D        | Gained mutation: You are somewhat resistant to further
                  | mutation. [potion of mutation]
    98 | D        | Lost mutation: You are clumsy. (Dex -2) [potion of
                  | mutation]
    98 | D        | Lost mutation: You are robust. (+10% HP) [potion of
                  | mutation]
    98 | D        | Lost mutation: You are somewhat resistant to further
                  | mutation. [potion of mutation]
    98 | D        | Lost mutation: You expend magic power (3 MP) to strengthen
                  | your wands. [potion of mutation]
    98 | D        | Gained mutation: You expend magic power (3 MP) to
                  | strengthen your wands. [potion of mutation]
    98 | D        | Gained mutation: You passively map a small area around you.
                  | [potion of mutation]
    99 | D        | Lost mutation: You expend magic power (3 MP) to strengthen
                  | your wands. [potion of mutation]
    99 | D        | Lost mutation: You passively map a small area around you.
                  | [potion of mutation]
    99 | D        | Gained mutation: You are agile. (Dex +2) [potion of
                  | mutation]
    99 | D        | Gained mutation: You heal very quickly. [potion of
                  | mutation]
   110 | D        | Killed a hellion
   110 | D        | Killed a hellion
   111 | D        | Noticed a water elemental
   111 | D        | Killed a hellion
   126 | D        | Slain by a water elemental

Skill      XL: |  1 |
---------------+----+-----
Fighting       | 3 |  3.3
Unarmed Combat | 4 |  4.9
Throwing       | 4 |  4.9
Dodging        | |  1.5
Stealth        | |  0.3

Action                   || total
-------------------------++-------
Melee: Unarmed           ||    25
  Use: Potion            ||     4
 Stab: Sleeping          ||     1
Armor: Robe              ||     1
Dodge: Dodged            ||    14
